AoeStats
← jaime001254

Pilgrims

509780764Analyzed
2v2 RM · 4d ago on Sep 28, 2026· 35m 31s· 4 players
Game mode
Random Map
Map size
Medium (4 player)
Population
200
Speed
Normal
Resources
Standard
Victory
Conquest
Starting age
Dark Age
Ending age
Imperial Age
RankedLock teamsTeams togetherTeam positionsShared explorationLock speedFull tech treeHidden civsTurbo modeCheats
Victory
Defeat
🇯🇵 Saracens · Japan
1057
+16
🇲🇽 Aztecs · Mexico
1026
+18
🇨🇴 Hindustanis · Colombia
1057
-17
🇨🇴 Jurchens · Colombia
1056
-17
DarkRyu
4:00 Loom
10:48 Feudal Age
13:38 Bloodlines
14:39 Double-Bit Axe
21:15 Castle Age
19:18 Horse Collar
20:35 Fletching
20:52 Scale Barding Armor
29:53 Forging
jaime001254
3:07 Loom
10:48 Feudal Age
16:19 Double-Bit Axe
19:21 Castle Age
20:07 Wheelbarrow
19:23 Fishing Lines
20:56 Husbandry
21:44 Bow Saw
25:13 Town Watch
35:18 Forging
35:01 Fletching
35:12 Padded Archer Armor
takoyaki
2:53 Loom
10:28 Feudal Age
10:57 Double-Bit Axe
16:58 Fishing Lines
21:20 Castle Age
19:46 Town Watch
21:41 Fletching
23:37 Gillnets
26:31 Wheelbarrow
32:14 Imperial Age
30:41 Hand Cart
31:17 Medium Warships
31:10 Pikeman
35:53 Squires
35:39 Gambesons
PolloRizzo
4:48 Loom
12:10 Feudal Age
14:03 Fletching
17:07 Scale Mail Armor
17:42 Fishing Lines
22:02 Castle Age
24:31 Gillnets
28:03 Wheelbarrow
28:40 Squires
29:04 Forging
Connection lost

Rejoining the realm…

Still unreachable

The connection could not be restored.

Session expired

The server has moved on; the page needs a fresh start.